TOP OF THE 1ST |
Staten Island Yankees batting - Pitching for Vermont Lake Monsters : RHP Matt Constantino
|
Pitching: RHP Matt Constantino
|
|
Batting: RHB Steve Martin
|
0-0: Ball 1-0: Ball 2-0: Foul Ball, location: 2F 2-1: Ball 3-1: Ground out 5-3 (Groundball, 56S, EV 81.2 MPH)
|
Batting: LHB Mario Hurtado
|
0-0: Called Strike 0-1: SINGLE (Groundball, 6MD, EV 97.5 MPH)
|
Batting: RHB Andres Valles
|
0-0: Called Strike 0-1: Ball Wild Pitch! Mario Hurtado to second 1-1: Foul Ball, location: 2F 1-2: Fly out, F7 (Flyball, 7S, EV 83.8 MPH)
|
Batting: LHB Roald Jacobs
|
0-0: Swinging Strike 0-1: SINGLE (Groundball, 4S, EV 70.6 MPH) (infield hit) Mario Hurtado to third
|
Pitching: LHP Jeff Troxel
|
|
Batting: RHB Lorenzo Vasquez
|
0-0: Ball 1-0: Foul Ball, location: 2F 1-1: Ball 2-1: Called Strike 2-2: Strikes out swinging
|
Top of the 1st over - 0 runs, 2 hits, 0 errors, 2 left on base; Staten Island 0 - Vermont 0 |
BOTTOM OF THE 1ST |
Vermont Lake Monsters batting - Pitching for Staten Island Yankees : RHP Gustav Kleber
|
Pitching: RHP Gustav Kleber
|
|
Batting: RHB Ricardo Mariscal
|
0-0: Swinging Strike 0-1: Fly out, F3 (Flyball, 3D, EV 86.2 MPH)
|
Batting: RHB Carlos Martinez
|
0-0: Ball 1-0: Swinging Strike 1-1: Ball 2-1: Swinging Strike 2-2: Strikes out swinging
|
Batting: LHB Henry Hutson
|
0-0: Ball 1-0: Ball 2-0: Fly out, F9 (Flyball, 9LS, EV 95.6 MPH)
|
Bottom of the 1st over - 0 runs, 0 hits, 0 errors, 0 left on base; Staten Island 0 - Vermont 0 |
TOP OF THE 2ND |
Staten Island Yankees batting - Pitching for Vermont Lake Monsters : LHP Jeff Troxel
|
Batting: LHB Ben Roth
|
0-0: Foul Ball, location: 2F 0-1: Ball 1-1: Foul Ball, location: 2F 1-2: Ground out 6-3 (Groundball, 6, EV 85.6 MPH)
|
Batting: RHB Phil Corliss
|
0-0: Ball 1-0: Ball 2-0: Called Strike 2-1: Ball 3-1: Called Strike 3-2: Strikes out swinging
|
Batting: SHB Victor Martinez
|
0-0: Ball 1-0: Called Strike 1-1: Ball 2-1: Foul Ball, location: 2F 2-2: Strikes out swinging
|
Top of the 2nd over - 0 runs, 0 hits, 0 errors, 0 left on base; Staten Island 0 - Vermont 0 |
BOTTOM OF THE 2ND |
Vermont Lake Monsters batting - Pitching for Staten Island Yankees : RHP Gustav Kleber
|
Batting: LHB Cy Ostrowski
|
0-0: Called Strike 0-1: Swinging Strike 0-2: Foul Ball, location: 2F 0-2: Foul Ball, location: 2F 0-2: Ball 1-2: Ball 2-2: Ball 3-2: SINGLE (Line Drive, 34D, EV 98.1 MPH)
|
Batting: LHB Jose Zamarripa
|
0-0: Ground out 3-1 (Groundball, 13, EV 86.2 MPH) Cy Ostrowski to second
|
Batting: LHB Youp van Erp
|
0-0: Called Strike 0-1: Swinging Strike 0-2: SINGLE (Line Drive, 8LS, EV 99.4 MPH) Cy Ostrowski to third
|
Batting: LHB Mario Cardona
|
0-0: Called Strike 0-1: Ball 1-1: Foul Ball, location: 2F 1-2: Ball 2-2: Strikes out looking
|
Batting: RHB Yasuzo Rin
|
0-0: Called Strike 0-1: Ball 1-1: Called Strike 1-2: Foul Ball, location: 2F 1-2: Foul Ball, location: 2F 1-2: Foul Ball, location: 2F 1-2: DOUBLE (Line Drive, 89D, EV 106.2 MPH) Cy Ostrowski scores Youp van Erp to third
|
Batting: RHB Oscar Avila
|
0-0: Foul Ball, location: 2F 0-1: Fly out, F2 (Popup, 25F, EV 80.6 MPH)
|
Bottom of the 2nd over - 1 run, 3 hits, 0 errors, 2 left on base; Staten Island 0 - Vermont 1 |
TOP OF THE 3RD |
Staten Island Yankees batting - Pitching for Vermont Lake Monsters : LHP Jeff Troxel
|
Batting: LHB Alex Genao
|
0-0: Ball 1-0: Called Strike 1-1: Ball 2-1: Foul Ball, location: 2F 2-2: Ball 3-2: Strikes out swinging
|
Batting: RHB Steve Martin
|
0-0: DOUBLE (Line Drive, 89M, EV 111.2 MPH)
|
Batting: LHB Mario Hurtado
|
0-0: DOUBLE (Line Drive, 7LD, EV 101.2 MPH) Steve Martin scores
|
Pinch Runner at 2nd Gotthold Schneider:
|
|
Batting: RHB Andres Valles
|
0-0: Ball 1-0: Called Strike 1-1: Hit by Pitch
|
Batting: LHB Roald Jacobs
|
0-0: Grounds out, U3 (Groundball, 3L, EV 100.0 MPH) Gotthold Schneider to third
|
Batting: RHB Lorenzo Vasquez
|
0-0: Called Strike 0-1: Foul Ball, location: 2F 0-2: Ball 1-2: Fly out, F9 (Line Drive, 9D, EV 93.1 MPH)
|
Top of the 3rd over - 1 run, 2 hits, 0 errors, 2 left on base; Staten Island 1 - Vermont 1 |
BOTTOM OF THE 3RD |
Vermont Lake Monsters batting - Pitching for Staten Island Yankees : RHP Gustav Kleber
|
Now in CF: Roald Jacobs
|
|
Now in RF: Bobby Arteaga
|
|
Batting: RHB Ricardo Mariscal
|
0-0: Called Strike 0-1: Ball 1-1: Ball 2-1: SOLO HOME RUN (Line Drive, 7LD, EV 94.4 MPH), Distance : 354 ft
|
Batting: RHB Carlos Martinez
|
0-0: Ball 1-0: Ball 2-0: Called Strike 2-1: Ground out 1-3 (Groundball, 13S, EV 70.6 MPH)
|
Batting: LHB Henry Hutson
|
0-0: Called Strike 0-1: Ball 1-1: Swinging Strike 1-2: Strikes out swinging
|
Batting: LHB Cy Ostrowski
|
0-0: Ground out 5-3 (Groundball, 25, EV 81.2 MPH)
|
Bottom of the 3rd over - 1 run, 1 hit, 0 errors, 0 left on base; Staten Island 1 - Vermont 2 |
TOP OF THE 4TH |
Staten Island Yankees batting - Pitching for Vermont Lake Monsters : LHP Jeff Troxel
|
Batting: LHB Ben Roth
|
0-0: Ball 1-0: Called Strike 1-1: Ball 2-1: Swinging Strike 2-2: Strikes out swinging, 2-3 out at first.
|
Pitching: RHP Aaron Garard
|
|
Batting: RHB Phil Corliss
|
0-0: Ground out 6-3 (Groundball, 6, EV 92.5 MPH)
|
Batting: SHB Victor Martinez
|
0-0: Called Strike 0-1: Called Strike 0-2: Foul Ball, location: 2F 0-2: Ground out 4-3 (Groundball, 4M, EV 100.6 MPH)
|
Top of the 4th over - 0 runs, 0 hits, 0 errors, 0 left on base; Staten Island 1 - Vermont 2 |
BOTTOM OF THE 4TH |
Vermont Lake Monsters batting - Pitching for Staten Island Yankees : RHP Gustav Kleber
|
Batting: LHB Jose Zamarripa
|
0-0: Called Strike 0-1: Ball 1-1: Ball 2-1: SINGLE (Line Drive, 8LS, EV 103.1 MPH)
|
Batting: LHB Youp van Erp
|
0-0: Called Strike 0-1: Swinging Strike 0-2: Strikes out swinging
|
Batting: LHB Mario Cardona
|
0-0: Called Strike 0-1: Ball 1-1: Ball 2-1: Foul Ball, location: 2F 2-2: Fielders Choice at 2nd, 3-6 (Groundball, 34, EV 81.2 MPH)
|
Batting: RHB Yasuzo Rin
|
0-0: Ball 1-0: Ball 2-0: Ball 3-0: Called Strike 3-1: Swinging Strike 3-2: Strikes out swinging
|
Bottom of the 4th over - 0 runs, 1 hit, 0 errors, 1 left on base; Staten Island 1 - Vermont 2 |
TOP OF THE 5TH |
Staten Island Yankees batting - Pitching for Vermont Lake Monsters : RHP Aaron Garard
|
Batting: LHB Alex Genao
|
0-0: Called Strike 0-1: Called Strike 0-2: Ball 1-2: Fly out, F8 (Flyball, 8LXD, EV 86.2 MPH)
|
Batting: RHB Steve Martin
|
0-0: Ball 1-0: Ball 2-0: Swinging Strike 2-1: Foul Ball, location: 2F 2-2: Strikes out swinging
|
Batting: RHB Bobby Arteaga
|
0-0: Ball 1-0: Ball 2-0: Called Strike 2-1: Ball 3-1: Ground out 6-3 (Groundball, 6, EV 81.2 MPH)
|
Top of the 5th over - 0 runs, 0 hits, 0 errors, 0 left on base; Staten Island 1 - Vermont 2 |
BOTTOM OF THE 5TH |
Vermont Lake Monsters batting - Pitching for Staten Island Yankees : RHP Gustav Kleber
|
Batting: RHB Oscar Avila
|
0-0: Ball 1-0: Ball 2-0: Called Strike 2-1: Ball 3-1: Fly out, F7 (Flyball, 78S, EV 85.6 MPH)
|
Batting: RHB Ricardo Mariscal
|
0-0: Ball 1-0: Foul Ball, location: 2F 1-1: Ground out 3-1 (Groundball, 34, EV 85.0 MPH)
|
Batting: RHB Carlos Martinez
|
0-0: Ball 1-0: Ball 2-0: Foul Ball, location: 2F 2-1: Ball 3-1: Swinging Strike 3-2: Fly out, F9 (Flyball, 9S, EV 89.4 MPH)
|
Bottom of the 5th over - 0 runs, 0 hits, 0 errors, 0 left on base; Staten Island 1 - Vermont 2 |
TOP OF THE 6TH |
Staten Island Yankees batting - Pitching for Vermont Lake Monsters : RHP Aaron Garard
|
Batting: RHB Andres Valles
|
0-0: Ball 1-0: Fly out, F7 (Flyball, 7LM, EV 83.1 MPH)
|
Batting: LHB Roald Jacobs
|
0-0: Ball 1-0: Foul Ball, location: 2F 1-1: Ground out 5-3 (Groundball, 56, EV 86.2 MPH)
|
Batting: RHB Lorenzo Vasquez
|
0-0: Ball 1-0: Ball 2-0: Ball 3-0: Called Strike 3-1: Base on Balls
|
Batting: LHB Ben Roth
|
0-0: Called Strike 0-1: Called Strike 0-2: Ball Lorenzo Vasquez steals 2nd, throwing error, E2 Lorenzo Vasquez to third 1-2: SINGLE (Flyball, 8RS, EV 100.0 MPH) Lorenzo Vasquez scores
|
Batting: LHB Claudio Kamminga
|
0-0: Ball 1-0: Swinging Strike 1-1: DOUBLE (Flyball, 78XD, EV 97.5 MPH) Ben Roth to third
|
Batting: SHB Victor Martinez
|
0-0: Called Strike 0-1: Foul Ball, location: 2F 0-2: Foul Ball, location: 2F 0-2: Ball 1-2: Foul Ball, location: 2F 1-2: Foul Ball, location: 2F 1-2: Ball 2-2: Strikes out swinging
|
Top of the 6th over - 1 run, 2 hits, 1 error, 2 left on base; Staten Island 2 - Vermont 2 |
BOTTOM OF THE 6TH |
Vermont Lake Monsters batting - Pitching for Staten Island Yankees : RHP Gustav Kleber
|
Batting: LHB Henry Hutson
|
0-0: Ground out 4-3 (Groundball, 4, EV 79.4 MPH)
|
Batting: LHB Cy Ostrowski
|
0-0: Swinging Strike 0-1: Ball 1-1: Ball 2-1: Ball 3-1: Base on Balls
|
Batting: LHB Jose Zamarripa
|
0-0: Foul Ball, location: 2F 0-1: Called Strike 0-2: Ball 1-2: Ball 2-2: Foul Ball, location: 2F 2-2: Foul Ball, location: 2F 2-2: Fielders Choice at 2nd, 6-4 (Groundball, 6, EV 91.9 MPH)
|
Batting: LHB Youp van Erp
|
0-0: Ball 1-0: Swinging Strike 1-1: Ball Wild Pitch! Jose Zamarripa to second 2-1: Fly out, F6 (Popup, 6, EV 58.1 MPH)
|
Bottom of the 6th over - 0 runs, 0 hits, 0 errors, 1 left on base; Staten Island 2 - Vermont 2 |
TOP OF THE 7TH |
Staten Island Yankees batting - Pitching for Vermont Lake Monsters : RHP Aaron Garard
|
Pitching: LHP David Noffsinger
|
|
Batting: LHB Alex Genao
|
0-0: Ball 1-0: Called Strike 1-1: Ball 2-1: Ball 3-1: Called Strike 3-2: Base on Balls
|
Batting: RHB Steve Martin
|
0-0: Ball Alex Genao steals 2nd base 1-0: Intentional Walk
|
Batting: RHB Bobby Arteaga
|
0-0: Called Strike 0-1: Ball 1-1: Sac Bunt to 15 - play at first, batter OUT! 1-4 Alex Genao to third Steve Martin to second
|
Batting: RHB Andres Valles
|
0-0: Intentional Walk
|
Pinch Hitting: RHB Gustavo Amparo
|
0-0: Foul Ball, location: 2F 0-1: Swinging Strike 0-2: Ball 1-2: Foul Ball, location: 2F 1-2: Foul Ball, location: 2F 1-2: Ball 2-2: Ball 3-2: Strikes out swinging
|
Batting: RHB Lorenzo Vasquez
|
0-0: Ball 1-0: Swinging Strike 1-1: Ball 2-1: Foul Ball, location: 2F 2-2: Foul Ball, location: 2F 2-2: SINGLE (Line Drive, 9S, EV 94.4 MPH) Alex Genao scores Steve Martin to third Andres Valles to second Runner from 3rd tries for Home, SAFE, throw by RF to home
|
Batting: LHB Ben Roth
|
0-0: Ball 1-0: Foul Ball, location: 2F 1-1: Ball 2-1: 3-RUN HOME RUN (Flyball, 9LD, EV 89.4 MPH), Distance : 339 ft
|
Pitching: RHP Luis Restrepo
|
|
Batting: LHB Claudio Kamminga
|
0-0: Ball 1-0: Ground out 3-1 (Groundball, 3L, EV 102.5 MPH)
|
Top of the 7th over - 5 runs, 2 hits, 0 errors, 0 left on base; Staten Island 7 - Vermont 2 |
BOTTOM OF THE 7TH |
Vermont Lake Monsters batting - Pitching for Staten Island Yankees : RHP Gustav Kleber
|
Now in CF: Bobby Arteaga
|
|
Now in RF: Tony Saenz
|
|
Batting: LHB Mario Cardona
|
0-0: Ball 1-0: Ball 2-0: Ground out 6-3 (Groundball, 6, EV 108.8 MPH)
|
Batting: RHB Yasuzo Rin
|
0-0: Ball 1-0: Called Strike 1-1: Foul Ball, location: 2F 1-2: Foul Ball, location: 2F 1-2: Ball 2-2: Ball 3-2: Fly out, F9 (Flyball, 9S, EV 78.1 MPH)
|
Batting: RHB Oscar Avila
|
0-0: SINGLE (Flyball, 34D, EV 90.6 MPH)
|
Pitching: RHP Kyle Goulder
|
|
Batting: RHB Ricardo Mariscal
|
0-0: Called Strike 0-1: Ball 1-1: Ground out 4-3 (Groundball, 4, EV 82.5 MPH)
|
Bottom of the 7th over - 0 runs, 1 hit, 0 errors, 1 left on base; Staten Island 7 - Vermont 2 |
TOP OF THE 8TH |
Staten Island Yankees batting - Pitching for Vermont Lake Monsters : RHP Luis Restrepo
|
Batting: SHB Victor Martinez
|
0-0: Ground out 4-3 (Groundball, 4S, EV 86.9 MPH)
|
Batting: LHB Alex Genao
|
0-0: Ball 1-0: Ball 2-0: Called Strike 2-1: Swinging Strike 2-2: Strikes out swinging
|
Batting: RHB Steve Martin
|
0-0: DOUBLE (Groundball, 5L, EV 103.1 MPH)
|
Batting: RHB Bobby Arteaga
|
0-0: Called Strike 0-1: Ball 1-1: Foul Ball, location: 2F 1-2: Strikes out swinging
|
Top of the 8th over - 0 runs, 1 hit, 0 errors, 1 left on base; Staten Island 7 - Vermont 2 |
BOTTOM OF THE 8TH |
Vermont Lake Monsters batting - Pitching for Staten Island Yankees : RHP Kyle Goulder
|
Batting: RHB Carlos Martinez
|
0-0: Called Strike 0-1: SINGLE (Line Drive, 89S, EV 91.2 MPH)
|
Batting: LHB Henry Hutson
|
0-0: Ball 1-0: Fielders Choice at 2nd, 4-6 (Groundball, 34D, EV 103.1 MPH)
|
Batting: LHB Cy Ostrowski
|
0-0: Called Strike 0-1: Foul Ball, location: 2F 0-2: Ball 1-2: Ball 2-2: Foul Ball, location: 2F 2-2: Fielders Choice at 2nd, 4-6 (Groundball, 4D, EV 100.0 MPH)
|
Batting: LHB Jose Zamarripa
|
0-0: Foul Ball, location: 2F 0-1: Ball 1-1: SINGLE (Groundball, 56D, EV 99.4 MPH) Cy Ostrowski to second
|
Batting: LHB Youp van Erp
|
0-0: Foul Ball, location: 2F 0-1: Ground out 6-3 (Groundball, P, EV 85.6 MPH)
|
Bottom of the 8th over - 0 runs, 2 hits, 0 errors, 2 left on base; Staten Island 7 - Vermont 2 |
TOP OF THE 9TH |
Staten Island Yankees batting - Pitching for Vermont Lake Monsters : RHP Luis Restrepo
|
Batting: RHB Andres Valles
|
0-0: Ball 1-0: Ball 2-0: Called Strike 2-1: Foul Ball, location: 2F 2-2: Foul Ball, location: 2F 2-2: Hit by Pitch
|
Batting: RHB Tony Saenz
|
0-0: Ball 1-0: Ball 2-0: Ball 3-0: Base on Balls Andres Valles to second
|
Batting: RHB Lorenzo Vasquez
|
0-0: Called Strike 0-1: Fielders Choice at 2nd, 6-4 (Groundball, 6, EV 93.8 MPH) Andres Valles to third
|
Batting: LHB Ben Roth
|
0-0: Called Strike 0-1: Foul Ball, location: 2F 0-2: Ball 1-2: Foul Ball, location: 2F 1-2: Strikes out swinging
|
Batting: LHB Claudio Kamminga
|
0-0: Ball 1-0: Ball 2-0: Fielders Choice at 2nd, 5-4 (Groundball, 5, EV 100.0 MPH)
|
Top of the 9th over - 0 runs, 0 hits, 0 errors, 2 left on base; Staten Island 7 - Vermont 2 |
BOTTOM OF THE 9TH |
Vermont Lake Monsters batting - Pitching for Staten Island Yankees : RHP Kyle Goulder
|
Batting: LHB Mario Cardona
|
0-0: Foul Ball, location: 2F 0-1: Ball 1-1: SINGLE (Groundball, 6MD, EV 99.4 MPH) (infield hit)
|
Batting: RHB Yasuzo Rin
|
0-0: Ball 1-0: Grounds into double play, 5-4-3 (Groundball, 56, EV 110.0 MPH)
|
Pinch Hitting: LHB Oscar Rodriguez
|
0-0: SINGLE (Groundball, 4MD, EV 100.0 MPH)
|
Batting: RHB Ricardo Mariscal
|
0-0: Ball 1-0: Called Strike 1-1: Ground out 4-3 (Groundball, 4S, EV 70.0 MPH)
|
Bottom of the 9th over - 0 runs, 2 hits, 0 errors, 1 left on base; Staten Island 7 - Vermont 2 |
|